[Event "Titled Tuesday Blitz August 09 Late 2022"]
[White "Harsha Bharathakoti"]
[Black "Harvey, Marcus R"]
[WhiteFideId "5078776"]
[BlackFideId "400092"]
[WhiteElo "2575"]
[BlackElo "2485"]
[Result "1/2-1/2"]
[Round "04"]
[TimeControl "180+1"]
[Date "2022.08.09"]
[WhiteClock "0:00:10"]
[BlackClock "0:00:10"]

1. Nf3 Nf6 2. b3 g6 3. Bb2 Bg7 4. e3 b6 5. Be2 Bb7 6. O-O O-O 7. c4 c5 8. Nc3 d5 9. Nxd5 Nxd5 10. Bxg7 Nxe3 11. fxe3 Kxg7 12. d4 e6 13. Ne5 Nd7 14. Nxd7 Qxd7 15. dxc5 Rfd8 16. Qxd7 Rxd7 17. cxb6 Rd2 18. Rf2 axb6 19. Bf3 Rd7 20. Bxb7 Rxb7 21. Rd2 b5 22. Rc1 Rba7 23. cxb5 Rxa2 24. Rxa2 Rxa2 25. Rc4 Ra7 26. b6 Rb7 27. Rb4 Kf6 28. Kf2 Ke5 29. Kf3 Kd5 30. Kf4 f6 31. e4+ Kc5 32. Rc4+ Kxb6 33. Rb4+ Kc6 34. Rxb7 e5+ 35. Ke3 Kxb7 36. g4 Kc6 37. Kd3 Kb5 38. Kc3 h5 39. h3 hxg4 40. hxg4 Kc5 41. b4+ Kb5 42. Kb3 Kb6 43. Kc4 Kc6 44. b5+ Kd6 45. b6 Kc6 46. b7 Kxb7 47. Kd5 Kc7 48. Ke6 f5 49. gxf5 gxf5 50. exf5 e4 51. f6 e3 52. f7 e2 53. f8=Q e1=Q+ 54. Kf7 Qf2+ 55. Kg8 Qg3+ 56. Qg7+ Qxg7+ 57. Kxg7 1/2-1/2


[Site "https://www.chess.com"]

[Event "Titled Tuesday Blitz August 09 Late 2022"]
[White "Ibarra Jerez, Jose Carlos"]
[Black "Esipenko, Andrey"]
[WhiteFideId "2226332"]
[BlackFideId "24175439"]
[WhiteElo "2628"]
[BlackElo "2619"]
[Result "0-1"]
[Round "04"]
[TimeControl "180+1"]
[Date "2022.08.09"]
[WhiteClock "0:00:12"]
[BlackClock "0:00:51"]

1. e4 e5 2. Nf3 Nc6 3. Bb5 Nf6 4. O-O Nxe4 5. d4 exd4 6. Re1 f5 7. Nxd4 Nxd4 8. Qxd4 c6 9. f3 cxb5 10. fxe4 Qb6 11. exf5+ Kf7 12. Be3 Qxd4 13. Bxd4 b6 14. Nc3 b4 15. Ne4 h6 16. Rad1 d5 17. Ng3 h5 18. Rf1 h4 19. Ne2 Rh5 20. Nf4 Rxf5 21. Nxd5 Be6 22. Rxf5+ Bxf5 23. Rf1 Kg6 24. Ne3 Be6 25. Rf4 h3 26. Re4 Kf7 27. Rf4+ Kg6 28. Re4 Bd7 29. gxh3 Bxh3 30. Nd5 Rd8 31. Ne3 Bf5 32. Nxf5 Kxf5 33. Re5+ Kf4 34. c3 Bc5 35. Re6 bxc3 36. bxc3 Bxd4+ 37. cxd4 Rxd4 38. Re2 Kf3 39. Rf2+ Ke3 40. Kg2 Rd2 41. Rxd2 Kxd2 42. Kf3 b5 43. Kg4 a5 44. Kg5 b4 45. Kg6 a4 46. Kxg7 b3 47. axb3 a3 0-1


[Site "https://www.chess.com"]

[Event "Titled Tuesday Blitz August 09 Late 2022"]
[White "Izoria, Zviad"]
[Black "Claridge-Hansen, William"]
[WhiteFideId "13601733"]
[BlackFideId "422509"]
[WhiteElo "2626"]
[BlackElo "2261"]
[Result "1/2-1/2"]
[Round "04"]
[TimeControl "180+1"]
[Date "2022.08.09"]
[WhiteClock "0:00:57"]
[BlackClock "0:01:07"]

1. Nf3 c5 2. c4 g6 3. d4 cxd4 4. Nxd4 Bg7 5. e4 Nc6 6. Be3 Nf6 7. Nc3 O-O 8. Be2 d6 9. O-O Bd7 10. h3 Nxd4 11. Bxd4 Bc6 12. Qc2 a5 13. Rad1 a4 14. c5 Qa5 15. cxd6 exd6 16. a3 Rfe8 17. Bf3 Rac8 18. Qd3 Rcd8 19. Rfe1 d5 20. exd5 Rxe1+ 21. Rxe1 Nxd5 22. Bxd5 Rxd5 23. Nxd5 Qxe1+ 24. Kh2 Be5+ 25. f4 Bxd5 26. Bxe5 Qe4 27. Qxe4 Bxe4 1/2-1/2


[Site "https://www.chess.com"]

[Event "Titled Tuesday Blitz August 09 Late 2022"]
[White "Janaszak, Dawid"]
[Black "Kravtsiv, Martyn"]
[WhiteFideId "1119206"]
[BlackFideId "14113147"]
[WhiteElo "2165"]
[BlackElo "2694"]
[Result "0-1"]
[Round "04"]
[TimeControl "180+1"]
[Date "2022.08.09"]
[WhiteClock "0:00:05"]
[BlackClock "0:00:40"]

1. e4 e5 2. Nf3 Nc6 3. d4 exd4 4. Nxd4 Nf6 5. Nxc6 bxc6 6. e5 Qe7 7. Qe2 Nd5 8. h4 a5 9. a3 Ba6 10. c4 Nb6 11. Nd2 O-O-O 12. b4 d5 13. exd6 Rxd6 14. g3 f5 15. Qxe7 Bxe7 16. c5 Re6+ 17. Kd1 Bxf1 18. Rxf1 Bf6 19. Ra2 Nd5 20. Bb2 Bxb2 21. Rxb2 axb4 22. axb4 Rd8 23. Kc1 Re2 24. Nc4 Rxb2 25. Nxb2 Nxb4 26. Re1 Rd5 27. Re8+ Kd7 28. Rg8 Rxc5+ 29. Kd1 Rd5+ 30. Ke2 Re5+ 31. Kf3 Re7 32. Nc4 Nd5 33. h5 Nf6 34. Rh8 h6 35. Kg2 Nxh5 36. f4 c5 37. Ne5+ Ke6 38. Rd8 Nf6 39. Nd3 Ne4 40. Ne5 Nd6 41. Ra8 Kd5 42. Kf3 Re8 43. Ra7 Nb5 44. Ra1 Nd4+ 45. Kf2 Rb8 46. Ra7 Rb2+ 47. Ke3 Rb3+ 48. Kd2 Rxg3 49. Rxc7 Ke4 50. Rxc5 Nb3+ 0-1


[Site "https://www.chess.com"]

[Event "Titled Tuesday Blitz August 09 Late 2022"]
[White "Kamsky, Gata"]
[Black "Yanchenko, Roman"]
[WhiteFideId "2000024"]
[BlackFideId "4137329"]
[WhiteElo "2666"]
[BlackElo "2514"]
[Result "1-0"]
[Round "04"]
[TimeControl "180+1"]
[Date "2022.08.09"]
[WhiteClock "0:00:14"]
[BlackClock "0:00:24"]

1. d4 d5 2. Bf4 Bf5 3. e3 e6 4. c4 Bxb1 5. Qxb1 Bb4+ 6. Kd1 Bd6 7. Bxd6 Qxd6 8. Nf3 dxc4 9. Bxc4 c5 10. Ke2 Nc6 11. dxc5 Qxc5 12. Rc1 Qb6 13. Qc2 Nf6 14. Qb3 O-O 15. Qxb6 axb6 16. a3 Ne4 17. Rc2 Nb4 18. Rcc1 Nc6 19. Rd1 Rfd8 20. Rxd8+ Rxd8 21. Rc1 Kf8 22. Bb5 Na7 23. Ba4 Nc5 24. Bc2 Rc8 25. Rd1 Ke7 26. h4 h6 27. Rd4 Nc6 28. Rd1 g6 29. g4 Rc7 30. b4 Nd7 31. Ba4 Nf6 32. g5 hxg5 33. hxg5 Ne4 34. Rd3 Nxb4 35. axb4 Nc3+ 36. Rxc3 Rxc3 37. Nd4 Rc4 38. f4 Rxb4 39. Bb3 Kd6 40. Kd3 Kc5 41. Kc3 b5 42. Bxe6 Ra4 43. Bxf7 Ra3+ 44. Bb3 b4+ 45. Kd3 b5 46. e4 Kd6 47. e5+ Ke7 48. f5 gxf5 49. Nxf5+ Ke8 50. Nd4 Kf8 51. Ke4 Ra1 52. Nxb5 Re1+ 53. Kd5 Rg1 54. Nd4 Ke7 55. Nc6+ Ke8 56. Nxb4 Rxg5 57. Ba4+ Kd8 58. Nc6+ Kd7 59. Nd4+ Ke7 60. Nc6+ Kd7 61. Bc2 Rh5 62. Bd1 Rg5 63. Nd4 Ke7 64. Bc2 Rh5 65. Bf5 Rg5 66. Nc6+ Kf7 67. Bd7 Rg1 68. e6+ Kf6 69. e7 Rd1+ 70. Kc5 Re1 71. e8=Q Rxe8 72. Bxe8 Kf5 73. Kd5 Kf4 74. Bg6 Ke3 75. Ke5 Kf3 76. Nd4+ Ke3 77. Be4 Kd2 78. Nb5 Ke3 79. Nc3 Kd2 80. Kd4 Kc1 81. Kd3 Kb2 82. Bd5 Ka3 83. Kc4 Kb2 84. Be4 Ka3 85. Nb5+ Kb2 86. Kb4 Kc1 87. Kc3 Kd1 88. Nd4 Kc1 89. Ne2+ Kd1 90. Kd3 Ke1 91. Ke3 Kd1 92. Bf5 Ke1 93. Bc2 Kf1 94. Nf4 Ke1 95. Ng2+ Kf1 96. Kf3 Kg1 97. Kg3 Kf1 98. Bd3+ Kg1 99. Nh4 Kh1 100. Bf1 Kg1 101. Bh3 Kh1 102. Bg2+ Kg1 103. Nf3# 1-0


[Site "https://www.chess.com"]

[Event "Titled Tuesday Blitz August 09 Late 2022"]
[White "Kevlishvili, Robby"]
[Black "Rastbod, Ali"]
[WhiteFideId "1040634"]
[BlackFideId "12567477"]
[WhiteElo "2585"]
[BlackElo "2191"]
[Result "1/2-1/2"]
[Round "04"]
[TimeControl "180+1"]
[Date "2022.08.09"]
[WhiteClock "0:00:06"]
[BlackClock "0:00:04"]

1. e4 c6 2. d4 d5 3. exd5 cxd5 4. Bd3 Nc6 5. c3 Nf6 6. Bf4 Bg4 7. Qb3 Qd7 8. Nd2 e6 9. Ngf3 Bd6 10. Bxd6 Qxd6 11. O-O O-O 12. Rae1 Ne7 13. Ne5 Bf5 14. h3 Rab8 15. Re2 b5 16. a3 Bxd3 17. Nxd3 a5 18. Rfe1 Nc6 19. Ne5 b4 20. Nxc6 Qxc6 21. axb4 axb4 22. c4 dxc4 23. Nxc4 Rfd8 24. Ne5 Qd5 25. Qg3 Rbc8 26. Nf3 Qb3 27. Qe5 h6 28. Qb5 Rb8 29. Qa6 Ra8 30. Qb7 Rdb8 31. Qc7 Nd5 32. Qd7 Nf4 33. Re4 Nxh3+ 34. Kh2 Ng5 35. Rf4 Rd8 36. Qc7 Rac8 37. Qa7 Rf8 38. Ne5 Qxb2 39. Qb7 Qd2 40. Re3 Rb8 41. Qc7 Rbc8 42. Qb7 Rb8 43. Qa7 b3 44. Nxf7 Nxf7 45. Rxf7 Rxf7 46. Qxb8+ Kh7 47. Qxb3 Qxf2 48. Rg3 Qf5 49. Qe3 g5 50. Rf3 Qg6 51. Rh3 Re7 52. Qa3 Rg7 53. Qf8 g4 54. Rh4 g3+ 55. Kh3 Qg5 56. Qf3 Qg6 57. Rg4 Qh5+ 58. Kxg3 Rxg4+ 59. Qxg4 Qd5 60. Qf4 Kg6 61. Kf2 Qf5 62. Kf3 h5 63. g4 hxg4+ 64. Kg3 Kf6 65. Qxg4 Qxg4+ 66. Kxg4 e5 67. dxe5+ Kxe5 1/2-1/2


[Site "https://www.chess.com"]

[Event "Titled Tuesday Blitz August 09 Late 2022"]
[White "Kosteniuk, Alexandra"]
[Black "Przybylski, Wojciech"]
[WhiteFideId "4128125"]
[BlackFideId "1117599"]
[WhiteElo "2469"]
[BlackElo "2133"]
[Result "1-0"]
[Round "04"]
[TimeControl "180+1"]
[Date "2022.08.09"]
[WhiteClock "0:01:36"]
[BlackClock "0:00:01"]

1. e4 c5 2. Nf3 d6 3. d4 cxd4 4. Qxd4 Nc6 5. Bb5 Bd7 6. Qd3 a6 7. Bxc6 Bxc6 8. Nc3 e6 9. Bg5 Qc7 10. O-O-O Nf6 11. Rhe1 Be7 12. Bxf6 gxf6 13. Nd4 O-O-O 14. f4 Bd7 15. f5 Kb8 16. Kb1 Rhg8 17. Qh3 Rg7 18. g3 Rh8 19. fxe6 fxe6 20. Qh6 Rg6 21. Qh5 b5 22. Nce2 Qc5 23. Qh3 Qe5 24. Nf4 Bd8 25. Nxg6 Qc5 26. Nxh8 Ba5 27. Rf1 Kc8 28. Qxh7 e5 29. Nf5 Be6 30. Qe7 Bc7 31. Qxe6+ 1-0


[Site "https://www.chess.com"]

[Event "Titled Tuesday Blitz August 09 Late 2022"]
[White "Leiva, Gianmarco"]
[Black "Hakobyan, Aram"]
[WhiteFideId "3804399"]
[BlackFideId "13306677"]
[WhiteElo "2323"]
[BlackElo "2557"]
[Result "0-1"]
[Round "04"]
[TimeControl "180+1"]
[Date "2022.08.09"]
[WhiteClock "0:00:51"]
[BlackClock "0:01:41"]

1. e4 d6 2. d4 Nf6 3. Nc3 e5 4. Nf3 Nbd7 5. h3 Be7 6. Bc4 c6 7. a4 h6 8. O-O Qc7 9. Re1 Nf8 10. Bf1 g5 11. a5 Ng6 12. dxe5 dxe5 13. Nh2 Be6 14. Be3 Nf4 15. Qf3 h5 16. g3 g4 17. Qh1 Nxh3+ 18. Bxh3 gxh3 19. Bg5 Ng4 20. Bxe7 Qxe7 21. Qf3 O-O-O 22. Nxg4 hxg4 23. Qe3 Kb8 24. Na4 Rd4 25. c3 h2+ 26. Kh1 Rxe4 27. Qxe4 Bd5 28. c4 Bxe4+ 29. Rxe4 Qf6 30. Re3 Qxf2 31. Rae1 f5 32. Nc5 f4 33. Nd7+ Kc7 34. Rd3 Qxe1+ 0-1


[Site "https://www.chess.com"]

[Event "Titled Tuesday Blitz August 09 Late 2022"]
[White "Lobanov, Sergei"]
[Black "Claverie, Christophe"]
[WhiteFideId "24183750"]
[BlackFideId "605514"]
[WhiteElo "2524"]
[BlackElo "2300"]
[Result "1-0"]
[Round "04"]
[TimeControl "180+1"]
[Date "2022.08.09"]
[WhiteClock "0:00:25"]
[BlackClock "0:00:08"]

1. Nf3 Nf6 2. b3 g6 3. Bb2 Bg7 4. c4 O-O 5. g3 c6 6. Bg2 d5 7. O-O Re8 8. d4 Ne4 9. Nfd2 Nxd2 10. Nxd2 dxc4 11. Nxc4 Nd7 12. e4 Nb6 13. Ne5 Nd7 14. Nf3 c5 15. Rc1 cxd4 16. Bxd4 e5 17. Bb2 Qe7 18. Rc7 Qd8 19. Qc2 Nf8 20. Rd1 Bd7 21. Rxb7 Rc8 22. Qe2 h6 23. Rxa7 Rc7 24. Rxc7 Qxc7 25. h3 Ne6 26. Bxe5 Bxe5 27. Nxe5 Qxe5 28. Rxd7 h5 29. h4 Nc5 30. Rd1 Ne6 31. f4 Qa5 32. e5 Ng7 33. Rd7 Nf5 34. Kh2 Qb4 35. Qc4 Qf8 36. Rxf7 Qxf7 37. Bd5 1-0


[Site "https://www.chess.com"]

[Event "Titled Tuesday Blitz August 09 Late 2022"]
[White "Maksimovic, Bojan"]
[Black "Di Nicolantonio, Lucas"]
[WhiteFideId "14408120"]
[BlackFideId "680460"]
[WhiteElo "2447"]
[BlackElo "2381"]
[Result "1-0"]
[Round "04"]
[TimeControl "180+1"]
[Date "2022.08.09"]
[WhiteClock "0:00:34"]
[BlackClock "0:00:02"]

1. e4 e5 2. Nf3 Nf6 3. Nxe5 d6 4. Nf3 Nxe4 5. d4 d5 6. Bd3 Bd6 7. O-O O-O 8. c4 c6 9. Nc3 Nxc3 10. bxc3 dxc4 11. Bxc4 Bg4 12. h3 Bh5 13. g4 Bg6 14. Ne5 Nd7 15. Nxg6 hxg6 16. Qf3 Qf6 17. Kg2 Rfe8 18. Be3 g5 19. Qxf6 gxf6 20. Bd3 Nf8 21. Rab1 Re7 22. Rfe1 Rae8 23. Bd2 Rxe1 24. Bxe1 Ne6 25. Bd2 Bf4 26. Be1 b5 27. Kf3 Rd8 28. Be4 c5 29. d5 Nc7 30. c4 bxc4 31. Ba5 Be5 32. Rb7 Rc8 33. Bf5 c3 34. Bxc3 Re8 35. Bxe5 Nxd5 36. Bd6 Nb4 37. Rxa7 Kg7 38. Bxc5 1-0


[Site "https://www.chess.com"]

[Event "Titled Tuesday Blitz August 09 Late 2022"]
[White "Matinian, Nikita"]
[Black "Ponce Cano, Adrian"]
[WhiteFideId "24129100"]
[BlackFideId "22296913"]
[WhiteElo "2422"]
[BlackElo "2261"]
[Result "1-0"]
[Round "04"]
[TimeControl "180+1"]
[Date "2022.08.09"]
[WhiteClock "0:01:31"]
[BlackClock "0:00:06"]

1. e4 c5 2. Nf3 a6 3. c3 Nc6 4. d4 cxd4 5. cxd4 d5 6. exd5 Qxd5 7. Nc3 Qa5 8. Bc4 e6 9. O-O Nf6 10. d5 Nd8 11. Re1 Bc5 12. Bg5 O-O 13. Bxf6 gxf6 14. Ne4 f5 15. Nfg5 fxe4 16. Qh5 Kg7 17. Qxh7+ Kf6 18. Qh4 Kg7 19. Nxe4 Bd4 20. Qg5+ Kh8 21. Qh6+ Kg8 22. Re3 f5 23. Qg6+ Bg7 24. Rg3 Qc7 25. dxe6 Nxe6 26. Bxe6+ Bxe6 27. Qxe6+ Qf7 28. Nf6+ Kh8 29. Rh3+ Bh6 30. Rxh6+ Kg7 31. Rh7+ Kg6 32. Rxf7 Rxf7 33. Ne4+ 1-0


[Site "https://www.chess.com"]

[Event "Titled Tuesday Blitz August 09 Late 2022"]
[White "Muradli, Mahammad"]
[Black "Hilby, Craig"]
[WhiteFideId "13409301"]
[BlackFideId "2062674"]
[WhiteElo "2611"]
[BlackElo "2403"]
[Result "1-0"]
[Round "04"]
[TimeControl "180+1"]
[Date "2022.08.09"]
[WhiteClock "0:01:19"]
[BlackClock "0:00:16"]

1. g3 e5 2. Nf3 Nc6 3. d3 d5 4. Bg2 Nf6 5. O-O h6 6. c4 dxc4 7. dxc4 Qxd1 8. Rxd1 e4 9. Ne1 Bf5 10. Nc3 Bb4 11. Nb5 O-O 12. Nc2 Ba5 13. a3 a6 14. Nbd4 Nxd4 15. Nxd4 Bg6 16. b4 Bb6 17. c5 Ba7 18. Bf4 Nd5 19. Nf5 Nxf4 20. Ne7+ Kh8 21. gxf4 Bh5 22. Rd7 Bxe2 23. Bxe4 Rad8 24. Rxc7 Bb8 25. Rxb7 Bxf4 26. c6 Rd4 27. Bg2 Bd6 28. Nf5 Rg4 29. h3 Rg6 30. Re1 Bf3 31. Nh4 Rxg2+ 32. Nxg2 Bxc6 33. Rb6 Rc8 34. Rc1 1-0


[Site "https://www.chess.com"]

[Event "Titled Tuesday Blitz August 09 Late 2022"]
[White "Nakamura, Hikaru"]
[Black "Demchenko, Anton"]
[WhiteFideId "2016192"]
[BlackFideId "4160258"]
[WhiteElo "2850"]
[BlackElo "2539"]
[Result "1-0"]
[Round "04"]
[TimeControl "180+1"]
[Date "2022.08.09"]
[WhiteClock "0:00:44"]
[BlackClock "0:00:05"]

1. g3 Nf6 2. Bg2 d6 3. e4 c5 4. Ne2 g6 5. c3 Bg7 6. d4 cxd4 7. cxd4 O-O 8. Nbc3 Nc6 9. O-O e5 10. d5 Ne7 11. h3 Ne8 12. Be3 f5 13. exf5 Nxf5 14. Bd2 Nf6 15. Ne4 Nxe4 16. Bxe4 Bd7 17. Nc3 Nd4 18. Bg2 Qb6 19. Ne4 Rac8 20. Bc3 Nf5 21. a4 Rc4 22. Kh2 Nd4 23. a5 Qc7 24. Rc1 h6 25. b3 Rxc3 26. Rxc3 Qxa5 27. Qa1 Qb6 28. Qa2 Bf5 29. g4 Bxe4 30. Bxe4 Bf6 31. Bxg6 Bh4 32. Be4 Rf4 33. f3 Rf8 34. Qa4 Bg5 35. Qd7 Nb5 36. Qh7# 1-0


[Site "https://www.chess.com"]

[Event "Titled Tuesday Blitz August 09 Late 2022"]
[White "Oparin, Grigoriy"]
[Black "Rustemov, Alexander"]
[WhiteFideId "24125890"]
[BlackFideId "4119002"]
[WhiteElo "2639"]
[BlackElo "2769"]
[Result "0-1"]
[Round "04"]
[TimeControl "180+1"]
[Date "2022.08.09"]
[WhiteClock "0:00:03"]
[BlackClock "0:00:09"]

1. g3 g6 2. d4 Bg7 3. e4 d6 4. Bg2 Nf6 5. Ne2 O-O 6. O-O Nc6 7. Nbc3 e5 8. dxe5 dxe5 9. h3 Be6 10. Be3 Qc8 11. Kh2 Rd8 12. Qc1 Nd4 13. Bg5 Nxe2 14. Nxe2 Re8 15. Qe3 c6 16. Rad1 Qc7 17. Nc1 Qb6 18. Qxb6 axb6 19. a3 Nd7 20. Nd3 Nc5 21. Nxc5 bxc5 22. Rd2 c4 23. c3 f6 24. Be3 Red8 25. Rfd1 Rxd2 26. Rxd2 Bf8 27. f4 b5 28. f5 Bc8 29. h4 Be7 30. Bh3 Kf7 31. Bg4 c5 32. h5 b4 33. axb4 cxb4 34. cxb4 Bxb4 35. Rd8 g5 36. h6 Bf8 37. Bh5+ Kg8 38. Bc5 Bb7 39. Rd7 Bxc5 40. Rxb7 Bd4 41. Bf7+ Kh8 42. Bxc4 g4 43. Be2 Rg8 44. b4 Be3 45. b5 Bxh6 46. Rf7 Rd8 47. Rxf6 Kg7 0-1


[Site "https://www.chess.com"]

[Event "Titled Tuesday Blitz August 09 Late 2022"]
[White "Pakleza, Zbigniew"]
[Black "Shimanov, Aleksandr"]
[WhiteFideId "1119290"]
[BlackFideId "4198603"]
[WhiteElo "2411"]
[BlackElo "2605"]
[Result "1-0"]
[Round "04"]
[TimeControl "180+1"]
[Date "2022.08.09"]
[WhiteClock "0:00:05"]
[BlackClock "0:00:03"]

1. d4 Nf6 2. Nf3 d6 3. Bf4 g6 4. h3 Bg7 5. e3 O-O 6. Be2 c5 7. c3 Qb6 8. Qb3 Be6 9. Qxb6 axb6 10. a3 Nbd7 11. Nbd2 Bd5 12. O-O Rfe8 13. Bh2 Bc6 14. Rfe1 b5 15. Bd3 e5 16. e4 exd4 17. cxd4 c4 18. Bc2 d5 19. e5 Ne4 20. Bxe4 dxe4 21. Nxe4 Bxe4 22. Rxe4 Nb6 23. Rae1 Nd5 24. e6 f6 25. g4 Ra6 26. Kg2 Kf8 27. R4e2 Ke7 28. g5 f5 29. Be5 Bxe5 30. Rxe5 Rd8 31. Kg3 Rc6 32. h4 c3 33. bxc3 Nxc3 34. h5 Ne4+ 35. Kg2 Rxe6 36. Rxb5 Nd6 37. Rxe6+ Kxe6 38. hxg6 hxg6 39. Rb6 Kd5 40. Ne5 Kxd4 41. Nxg6 Ne4 42. Nf4 Nxg5 43. Rb4+ Ke5 44. Ng6+ Kf6 45. Rb6+ Kg7 46. Ne5 Rd2 47. Rg6+ Kh7 48. Rxg5 Ra2 49. Rg3 Re2 50. Re3 Rc2 51. Rb3 Kg7 52. Rxb7+ Kf6 53. Nf3 Rc3 54. Ra7 f4 55. a4 Ra3 56. a5 Kf5 57. a6 Ra4 58. Ra8 Kg6 59. a7 Kg7 60. Ng5 Ra6 61. Kf3 Ra4 62. Kg4 Ra6 63. f3 Ra5 64. Kxf4 Rf5+ 65. Kxf5 Kh6 66. Rh8+ Kg7 67. Rh7+ Kg8 68. a8=Q# 1-0


[Site "https://www.chess.com"]

[Event "Titled Tuesday Blitz August 09 Late 2022"]
[White "Pulpan, Jakub"]
[Black "Nozdrachev, Leonid"]
[WhiteFideId "302759"]
[BlackFideId "24113433"]
[WhiteElo "2451"]
[BlackElo "2100"]
[Result "1-0"]
[Round "04"]
[TimeControl "180+1"]
[Date "2022.08.09"]
[WhiteClock "0:00:03"]
[BlackClock "0:00:01"]

1. e4 c6 2. d3 d5 3. Nd2 g6 4. d4 Bg7 5. Ngf3 dxe4 6. Nxe4 Nf6 7. Nxf6+ exf6 8. Be2 O-O 9. O-O Na6 10. Bxa6 bxa6 11. h3 f5 12. c3 a5 13. Re1 Qb6 14. Qa4 Ba6 15. Qa3 Bd3 16. Bf4 Rfe8 17. Be5 Bf8 18. Qa4 Qxb2 19. Qxc6 Qb6 20. Qa4 Rac8 21. Nd2 Bb5 22. Qb3 a4 23. Qc2 Qa5 24. Re3 Bh6 25. Rg3 f4 26. Rf3 Be2 27. Ne4 Bxf3 28. Nf6+ Kf8 29. Nxh7+ Kg8 30. Nf6+ Kf8 31. Bd6+ Kg7 32. Nxe8+ Rxe8 33. gxf3 Qd5 34. Be5+ f6 35. Qxa4 Re7 36. c4 Qxf3 37. Bd6 Rf7 38. Qb3 Qe4 39. Rd1 Rd7 40. c5 Rb7 41. Qd3 Qd5 42. Re1 f3 43. Kh1 Bg5 44. Qe4 Qf7 45. Qxf3 Kh6 46. c6 Rb2 47. c7 Rc2 48. h4 Bd2 49. Re2 Qd7 50. Rxd2 Rc1+ 51. Kg2 Qxd6 52. Qe3+ Kh7 53. h5 Rxc7 54. hxg6+ Kxg6 55. Qe4+ Kg7 56. Rd3 Re7 57. Rg3+ 1-0


[Site "https://www.chess.com"]

[Event "Titled Tuesday Blitz August 09 Late 2022"]
[White "Rasulov, Vugar"]
[Black "Goltsev, Dmitry"]
[WhiteFideId "13402390"]
[BlackFideId "24176710"]
[WhiteElo "2509"]
[BlackElo "2258"]
[Result "1/2-1/2"]
[Round "04"]
[TimeControl "180+1"]
[Date "2022.08.09"]
[WhiteClock "0:00:15"]
[BlackClock "0:00:48"]

1. d4 Nf6 2. c4 e6 3. Nf3 Bb4+ 4. Bd2 Qe7 5. Nc3 Bxc3 6. Bxc3 Ne4 7. Rc1 b6 8. g3 Bb7 9. Bg2 Nxc3 10. Rxc3 d6 11. O-O Nd7 12. b4 a5 13. a3 axb4 14. axb4 O-O 15. Qc2 f5 16. d5 e5 17. Qb2 Ra4 18. Ra1 Rfa8 19. Rxa4 Rxa4 20. Ra3 Rxa3 21. Qxa3 Qd8 22. e4 fxe4 23. Nd2 Qa8 24. Qxa8+ Bxa8 25. Nxe4 b5 26. c5 Bxd5 27. cxd6 cxd6 28. Nxd6 Bxg2 29. Kxg2 Nf6 30. Nxb5 Nd5 31. Kf3 Nxb4 32. Ke4 Kf7 33. Nc7 g6 34. f3 Kf6 35. h4 h5 36. g4 hxg4 37. fxg4 Nc6 38. g5+ Ke7 39. Nd5+ Kd6 40. Nf6 Ne7 41. Ne8+ Ke6 42. Nc7+ Kd6 43. Nb5+ Ke6 44. Nc7+ Kd6 45. Ne8+ Ke6 46. Nc7+ 1/2-1/2


[Site "https://www.chess.com"]

[Event "Titled Tuesday Blitz August 09 Late 2022"]
[White "Schmakel, Sam"]
[Black "Terry, Renato"]
[WhiteFideId "2039311"]
[BlackFideId "3803457"]
[WhiteElo "2356"]
[BlackElo "2577"]
[Result "0-1"]
[Round "04"]
[TimeControl "180+1"]
[Date "2022.08.09"]
[WhiteClock "0:01:28"]
[BlackClock "0:00:29"]

1. d4 d5 2. c4 dxc4 3. Nf3 Nf6 4. e3 e6 5. Bxc4 a6 6. O-O c5 7. Be2 Nbd7 8. Nc3 b5 9. d5 e5 10. a4 b4 11. Nb1 Bb7 12. Bc4 e4 13. Nfd2 Ne5 14. a5 Nxc4 15. Nxc4 Qxd5 16. Qc2 Rd8 17. Nb6 Qe6 18. Nd2 Bd6 19. Qa4+ Ke7 20. Ndc4 Bxh2+ 21. Kxh2 Ng4+ 22. Kg1 Qh6 23. Re1 Bc6 24. Qc2 Qh2+ 25. Kf1 Qh1+ 26. Ke2 Qxg2 27. Rf1 Nh2 28. Bd2 Qg4+ 29. f3 Qg2+ 0-1


[Site "https://www.chess.com"]

[Event "Titled Tuesday Blitz August 09 Late 2022"]
[White "Suder, Jakub"]
[Black "Wagner, Dennis"]
[WhiteFideId "1195310"]
[BlackFideId "24650684"]
[WhiteElo "2095"]
[BlackElo "2355"]
[Result "0-1"]
[Round "04"]
[TimeControl "180+1"]
[Date "2022.08.09"]
[WhiteClock "0:00:03"]
[BlackClock "0:00:15"]

1. d4 d5 2. c4 e6 3. Nc3 Bb4 4. Qc2 dxc4 5. Nf3 Nf6 6. g3 b5 7. Bg2 Bb7 8. O-O a6 9. Re1 O-O 10. e4 h6 11. a4 c6 12. Bd2 Be7 13. Rad1 Nbd7 14. Qc1 Re8 15. h4 Bf8 16. Ne5 Nxe5 17. dxe5 Nd7 18. Bf4 Qc7 19. g4 Nc5 20. Bf1 Rad8 21. Qe3 Nb3 22. h5 Bc5 23. Qg3 Be7 24. Kh1 Bg5 25. Bxg5 hxg5 26. f4 gxf4 27. Qxf4 Nd4 28. g5 c5 29. h6 Qe7 30. Re3 b4 31. Nb1 Nf5 32. Rxd8 Rxd8 33. Rh3 Rd1 34. Kg1 Nd4 35. Qh4 g6 36. h7+ Kh8 37. Qh6 Qd8 38. Kg2 Bxe4+ 39. Kg1 Rxb1 40. Kf2 Rxb2+ 41. Kg1 Nf3+ 42. Rxf3 Bxf3 0-1


[Site "https://www.chess.com"]

[Event "Titled Tuesday Blitz August 09 Late 2022"]
[White "Svane, Frederik"]
[Black "Galperin, Platon"]
[WhiteFideId "12923044"]
[BlackFideId "14165414"]
[WhiteElo "2459"]
[BlackElo "2435"]
[Result "0-1"]
[Round "04"]
[TimeControl "180+1"]
[Date "2022.08.09"]
[WhiteClock "0:00:04"]
[BlackClock "0:00:13"]

1. c4 e6 2. Nf3 f5 3. Nc3 Nf6 4. d3 Bb4 5. Qb3 a5 6. a3 Bxc3+ 7. Qxc3 a4 8. g3 b6 9. Bg2 Bb7 10. O-O O-O 11. b3 axb3 12. Qxb3 Qe7 13. a4 Nc6 14. Qb2 d6 15. Nd4 Qe8 16. Bd2 Nxd4 17. Bxb7 Nxe2+ 18. Kg2 e5 19. Be3 Ra7 20. Bf3 Nd4 21. Bxd4 exd4 22. Rfe1 Qd7 23. Qxd4 Rxa4 24. Rxa4 Qxa4 25. Re7 Qa7 26. Qxd6 cxd6 27. Rxa7 Rb8 28. Bc6 Kf8 29. Kf3 Rc8 30. Bb5 d5 31. Rb7 dxc4 32. dxc4 Ng4 33. Kf4 Rc5 34. f3 Nxh2 35. Rxb6 h6 36. Rc6 g5+ 37. Ke3 Re5+ 38. Kd4 Nxf3+ 39. Kc3 h5 40. Rh6 h4 41. Bc6 hxg3 42. Bxf3 Re3+ 43. Kd2 Rxf3 44. Rh1 f4 45. c5 Rf2+ 46. Kd3 g2 47. Rg1 f3 48. c6 Ra2 49. c7 Ra8 50. Ke3 g4 51. Rd1 Rc8 52. Rd8+ Ke7 53. Rxc8 g1=Q+ 54. Kf4 Kd7 55. Rg8 Kxc7 56. Rxg4 Qxg4+ 57. Kxg4 0-1


[Site "https://www.chess.com"]

[Event "Titled Tuesday Blitz August 09 Late 2022"]
[White "Tanenbaum, Zachary"]
[Black "Navarrete Mendez, Gonzalo Alberto"]
[WhiteFideId "2060850"]
[BlackFideId "5106850"]
[WhiteElo "2175"]
[BlackElo "2261"]
[Result "1-0"]
[Round "04"]
[TimeControl "180+1"]
[Date "2022.08.09"]
[WhiteClock "0:00:56"]
[BlackClock "0:00:04"]

1. e4 e5 2. Nf3 Nc6 3. Bc4 Nf6 4. d3 Be7 5. O-O O-O 6. Re1 d6 7. a4 Kh8 8. Nc3 Bg4 9. h3 Bh5 10. Be3 Qc8 11. Nd5 Nxd5 12. Bxd5 Nb4 13. Bb3 f5 14. exf5 Qxf5 15. c3 Nxd3 16. Bc2 e4 17. Bxd3 exd3 18. Nd4 Qf7 19. Qxd3 d5 20. Ne6 Bg6 21. Qxd5 Bd6 22. Rad1 Rfe8 23. Nxc7 Bh2+ 24. Kxh2 Qxc7+ 25. Kg1 Rad8 26. Qf3 Rxd1 27. Rxd1 h6 28. Qg4 Qf7 29. Rd7 Qf6 30. Bd4 Re1+ 31. Kh2 1-0


[Site "https://www.chess.com"]